 Dungeon Crawl Stone Soup version 0.24.0-37-gcf1ca852f1 (webtiles) character file.

Game seed: 2295813969849663060, levelgen mode: deterministic

7949 Curus the Basher (level 11, -5/110 HPs)
             Began as a Minotaur Fighter on Dec 7, 2019.
             Was a Believer of Trog.
             Slain by a hippogriff (6 damage)
             ... on level 1 of the Lair of Beasts.
             The game lasted 00:28:00 (6481 turns).

Curus the Basher (Minotaur Fighter)                 Turns: 6481, Time: 00:28:01

Health: -5/110     AC: 21    Str: 34    XL:     11   Next: 3%
Magic:  10/10      EV:  7    Int:  7    God:    Trog [**....]
Gold:   385        SH: 12    Dex: 12    Spells: 10/10 levels left

rFire    . . .     SeeInvis .   z - +0 morningstar
rCold    . . .     Gourm    .   c - +0 shield
rNeg     . . .     Faith    .   s - +1 shadow dragon scales
rPois    .         Spirit   .   (helmet restricted)
rElec    .         Reflect  .   x - +0 cloak
rCorr    .         Harm     .   B - +1 pair of gloves of Courage {-Cast Str+10}
MR       +....     NoCast   +   l - +0 pair of boots
Stlth    ++........             (no amulet)
HPRegen  0.28/turn              w - ring of protection from magic
MPRegen  0.12/turn              y - +4 ring of strength

@: slowed, very slow
A: retaliatory headbutt, horns 2, talons 1, robust 1, subdued magic 1
a: Berserk, Trog's Hand, Renounce Religion


You were on level 1 of the Lair of Beasts.
You worshipped Trog.
Trog was pleased with you.
You were not hungry.

You visited 3 branches of the dungeon, and saw 11 of its levels.
You also visited: Sewer.

You collected 457 gold pieces.
You spent 72 gold pieces at shops.

Inventory:

Hand Weapons
 a - a +0 flail
 g - a +2 whip of electrocution
 t - a +4 flail of protection
 z - a +0 morningstar (weapon)
Armour
 b - a +0 scale mail
 c - a +0 shield (worn)
 h - a +0 chain mail
 l - a +0 pair of boots (worn)
 n - a +0 pair of gloves
 s - +1 shadow dragon scales (worn)
 x - a +0 cloak (worn)
 B - the +1 pair of gloves of Courage (worn) {-Cast Str+10}
   (You found it on level 7 of the Dungeon)

   It affects your strength (+10).
   It prevents spellcasting.
 E - a +0 plate armour
 F - the +1 cloak of Starlight {rElec rC+ EV+4 Stlth--}
   (You found it on level 1 of the Lair of Beasts)

   It affects your evasion (+4).
   It protects you from cold.
   It insulates you from electricity.
   It makes you much less stealthy.
Jewellery
 i - a +4 ring of intelligence
 k - an uncursed ring of ice
 w - a ring of protection from magic (left hand)
 y - a +4 ring of strength (right hand)
 A - an uncursed ring of teleportation
 D - an uncursed ring of stealth
Wands
 m - a wand of flame (18)
 o - a wand of digging (5)
 u - a wand of enslavement (7)
 C - a wand of acid (7)
Scrolls
 e - 6 scrolls of identify
 r - 5 scrolls of teleportation
 v - a scroll of magic mapping
Potions
 d - 3 potions of might
 j - 3 potions of degeneration
 p - 3 potions of flight
 q - 5 potions of curing
Comestibles
 f - 14 rations


   Skills:
 - Level 10.3 Fighting
 + Level 13.4 Maces & Flails
 - Level 10.3 Armour
 + Level 7.4 Shields


You had 10 spell levels left.
You didn't know any spells.
Your spell library was empty.

Dungeon Overview and Level Annotations

Branches:
Dungeon (9/15)             Temple (1/1) D:4            Lair (1/6) D:9
  Sewer (visited)
    Orc: D:9-12

Altars:
Ashenzari
Dithmenos
Elyvilon
Fedhas
Kikubaaqudgha
Nemelex Xobeh
Okawaru
Qazlal
Ru
Sif Muna
Trog
Uskayaw
Vehumet
Zin
The Shining One

Shops:
D:5 *

Annotations:
Lair:1 Sonja


Innate Abilities, Weirdness & Mutations

You reflexively headbutt those who attack you in melee.
You have a pair of horns on your head.
You have sharp toenails.
You are robust. (+10% HP)
Your spells are a little easier to cast, but a little less powerful.


Message History

You bludgeon the elephant!!
You kill the elephant!
Trog accepts your kill.
You have reached level 11!
Your shield and shadow dragon scales prevent you from hitting the hippogriff.
You headbutt the hippogriff!
The hippogriff is lightly wounded.
The hippogriff bites you but does no damage.
The hippogriff closely misses you. You block the hippogriff's attack.
The hippogriff bites you but does no damage.
The hippogriff barely misses you.
The hippogriff claws you but does no damage.
Your shield prevents you from hitting the hippogriff.
The hippogriff is lightly wounded.
You block the hippogriff's attack.
The hippogriff pecks you but does no damage.
The hippogriff claws you.
* * * LOW HITPOINT WARNING * * *
The hippogriff bites you.
You die...

....PP≈ #. ....≈PP
... ≈. ..###..
#....H.###... ..
... . #...
#.....H#.... .##.#
#... #...#.....
#....# ....
#...#....# P...##.
.
#....%...###.$.....
$. #........##@H#
.). #.....>.##H##
... ##........YY#
... #.........###
$.. #P..........#
... #......$P####
### #./....###
#.....# ###...


You could see 2 elephants and 2 hippogriffs.

Vanquished Creatures
  A hydra (Lair:1)
  A two-headed ogre (D:7)
  Nergalle (Lair:1)
  3 elephants (Lair:1)
  A black mamba (Lair:1)
  2 hippogriffs (D:8)
  A hornet (D:9)
  Eustachio (D:5)
  2 hungry ghosts (D:7)
  Edmund (D:6)
  4 water moccasins
  An orc warrior (D:8)
  4 ice beasts
  4 sky beasts
  A phantom (D:6)
  An ogre (D:7)
  A crocodile (Lair:1)
  2 centaurs
  2 big kobolds
  3 bullfrogs
  2 scorpions (D:6)
  4 howler monkeys (D:7)
  2 crimson imps
  A centaur zombie (D:7)
  2 quasits (D:4)
  7 hounds
  A jelly (D:7)
  3 orc priests
  4 bullfrog skeletons
  6 orc wizards
  5 iguanas
  11 worker ants
  A hound skeleton (D:9)
  A hound zombie (D:7)
  A worker ant zombie (D:8)
  3 gnolls (D:7)
  8 adders
  3 river rats (Sewer)
  An ooze (D:2)
  An adder skeleton (D:7)
  A worm (D:3)
  4 dart slugs
  5 leopard geckos
  22 orcs
  11 giant cockroaches
  6 goblins
  6 hobgoblins
  29 jackals
  13 kobolds
  A quokka (D:3)
  2 ball pythons
  5 bats
  11 frilled lizards
  A quokka skeleton (D:6)
  6 rats
227 creatures vanquished.

Vanquished Creatures (others)
  A fungus (Lair:1)
1 creature vanquished.

Grand Total: 228 creatures vanquished

Notes
Turn   | Place    | Note
-------+----------+-------------------------------------------
     0 | D:1      | Curus the Minotaur Fighter began the quest for the Orb.
     0 | D:1      | Reached XP level 1. HP: 19/19 MP: 0/0
    61 | D:1      | Reached skill level 3 in Maces & Flails
    80 | D:1      | Reached XP level 2. HP: 15/26 MP: 1/1
   227 | D:1      | Reached skill level 4 in Maces & Flails
   280 | D:1      | Reached XP level 3. HP: 28/31 MP: 2/2
   733 | D:2      | Reached skill level 5 in Maces & Flails
   835 | D:2      | Reached XP level 4. HP: 37/39 MP: 3/3
   906 | D:2      | Gained mutation: You have sharp toenails. [potion of
                  | mutation]
   906 | D:2      | Gained mutation: Your spells are a little easier to cast,
                  | but a little less powerful. [potion of mutation]
   906 | D:2      | Gained mutation: You are robust. (+10% HP) [potion of
                  | mutation]
  1233 | D:3      | Reached skill level 6 in Maces & Flails
  1249 | D:3      | Reached XP level 5. HP: 27/49 MP: 4/4
  1866 | D:4      | Reached skill level 7 in Maces & Flails
  1970 | D:4      | Reached XP level 6. HP: 28/56 MP: 5/5
  1980 | D:4      | Found a staircase to the Ecumenical Temple.
  2214 | D:4      | Reached skill level 8 in Maces & Flails
  2328 | D:4      | Found a glowing drain.
  2352 | Sewer    | Entered a sewer
  2422 | Sewer    | Reached skill level 9 in Maces & Flails
  2442 | Sewer    | Found a white marble altar of Elyvilon.
  2504 | D:4      | Found a shattered altar of Ashenzari.
  2644 | D:5      | Entered Level 5 of the Dungeon
  2645 | D:5      | Noticed Eustachio
  2646 | D:5      | Reached XP level 7. HP: 62/62 MP: 6/6
  2652 | D:5      | Killed Eustachio
  2668 | D:5      | Reached skill level 10 in Maces & Flails
  2708 | D:5      | Found Evoomefa's General Store.
  2713 | D:5      | Bought a scroll of teleportation for 36 gold pieces
  2713 | D:5      | Bought a scroll of teleportation for 36 gold pieces
  2961 | D:5      | Reached skill level 11 in Maces & Flails
  2962 | D:5      | Reached XP level 8. HP: 53/70 MP: 7/7
  3362 | D:6      | Noticed Edmund
  3375 | D:6      | Killed Edmund
  3375 | D:6      | Reached skill level 12 in Maces & Flails
  3690 | D:6      | Reached skill level 5 in Fighting
  3690 | D:6      | Reached skill level 5 in Armour
  3976 | D:7      | Reached XP level 9. HP: 77/82 MP: 8/8
  4202 | D:7      | Noticed a two-headed ogre
  4260 | D:7      | Killed a two-headed ogre
  4691 | Temple   | Entered the Ecumenical Temple
  4717 | Temple   | Became a worshipper of Trog the Wrathful
  5328 | D:7      | Got a pair of crude gloves
  5341 | D:7      | Identified the +1 pair of gloves of Courage {-Cast Str+10}
                  | (You found it on level 7 of the Dungeon)
  5581 | D:8      | Reached XP level 10. HP: 100/100 MP: 9/9
  5598 | D:8      | Found an ancient bone altar of Kikubaaqudgha.
  5599 | D:8      | Found a shadowy altar of Dithmenos.
  5600 | D:8      | Found a stormy altar of Qazlal.
  5641 | D:8      | Reached * piety under Trog
  5759 | D:8      | Found an iron altar of Okawaru.
  5902 | D:8      | Reached skill level 10 in Fighting
  5902 | D:8      | Reached skill level 10 in Armour
  6223 | D:9      | Noticed a +0 dagger
  6223 | D:9      | Noticed a +0 hand axe
  6224 | D:9      | Found a hide-covered altar of Uskayaw.
  6315 | D:9      | Found a staircase to the Lair.
  6332 | Lair:1   | Entered Level 1 of the Lair of Beasts
  6370 | Lair:1   | Noticed Nergalle
  6388 | Lair:1   | Killed Nergalle
  6388 | Lair:1   | Reached skill level 5 in Shields
  6424 | Lair:1   | Noticed a seven-headed hydra
  6427 | Lair:1   | Noticed Sonja
  6432 | Lair:1   | Found the +1 cloak of Starlight {rElec rC+ EV+4 Stlth--}
  6436 | Lair:1   | Killed a seven-headed hydra
  6442 | Lair:1   | Reached skill level 13 in Maces & Flails
  6450 | Lair:1   | Noticed an elephant
  6450 | Lair:1   | Noticed an elephant
  6450 | Lair:1   | Noticed a black mamba
  6450 | Lair:1   | Noticed an elephant
  6450 | Lair:1   | Noticed an elephant
  6450 | Lair:1   | Noticed an elephant
  6460 | Lair:1   | Killed a black mamba
  6468 | Lair:1   | Killed an elephant
  6468 | Lair:1   | Reached ** piety under Trog
  6473 | Lair:1   | HP: 4/102 [elephant (11)]
  6476 | Lair:1   | Killed an elephant
  6477 | Lair:1   | HP: 1/102 [elephant (2)]
  6479 | Lair:1   | Killed an elephant
  6479 | Lair:1   | Reached XP level 11. HP: 2/110 MP: 10/10
  6481 | Lair:1   | Slain by a hippogriff

Levels and vault maps discovered:
D:1:      dpeg_arrival_more_subterranean_lakeside_camping, layout_loops_cross
D:2:      layout_basic, first_ration
D:3:      layout_basic
D:4:      cheibrodos_quashed, layout_basic, overflow_temple_1_default,
          minmay_temple_entry_ruins, portal_sewer_entry_f
D:5:      layout_loops_cross, serial_shops, shop, uniq_eustachio
D:6:      layout_loops_ring, serial_glass, glass_columns_b, glass_columns_c,
          uniq_edmund
D:7:      layout_basic, minmay_the_grid_2x2 [minmay_the_grid_minigrid_small_alt,
          minmay_the_grid_box_x, minmay_the_grid_mess,
          minmay_the_grid_prize_shrinking_boxes]
D:8:      layout_loops_ring, okawaru_ov_weapons_minmay,
          chequers_temple_overflow_statue_of_worship
D:9:      layout_gridville, dancing_weapons_uskayaw, dpeg_oklobed_lair,
          minmay_three_doors, uniq_harold, uniq_erolcha
Temple:   nicolae_temple_elliptical
Lair:1:   layout_misc_corridors, serial_bayou_lagoon_a, uniq_sonja, uniq_urug,
          uniq_nergalle

Skill      XL: |  1  2  3  4  5  6  7  8  9 10 |
---------------+-------------------------------+-----
Maces & Flails | 3 4 5 6 7 9 11 12 13 | 13.4
Fighting       | 6 9 10 | 10.3
Armour         | 6 9 10 | 10.3
Shields        | 7 |  7.4

Action                   |  1- 3 |  4- 6 |  7- 9 | 10-12 || total
-------------------------+-------+-------+-------+-------++-------
Melee: Flail             |    73 |       |       |       ||    73
       Headbutt          |    12 |    23 |    59 |    39 ||   133
       Whip              |    29 |   185 |   338 |    72 ||   624
       Kick              |       |    21 |       |       ||    21
       Morningstar       |       |       |       |    51 ||    51
Invok: Berserk           |       |       |       |     1 ||     1
Evoke: Wand              |       |     1 |     1 |       ||     2
  Use: Scroll            |     1 |     4 |     5 |     4 ||    14
       Potion            |       |     4 |     2 |     5 ||    11
 Stab: Sleeping          |       |       |     7 |     5 ||    12
  Eat: Chunk             |       |     6 |     8 |     1 ||    15
       Ration            |       |       |     2 |     1 ||     3
Armor: Scale mail        |    41 |       |       |       ||    41
       Chain mail        |     8 |   112 |    27 |       ||   147
       Shadow dragon sca |       |       |    93 |    83 ||   176
Dodge: Dodged            |    30 |    35 |    55 |    33 ||   153
Block: Shield            |    59 |    69 |    89 |    76 ||   293
